 Dungeon Crawl Stone Soup version 0.30.2 (webtiles) character file.

Game seed: 8715923913273340096

566883 Konrad the Minotaur Barricade (level 25, -1/251 (255) HPs)
             Began as a Minotaur Hunter on Jan 17, 2024.
             Was an Initiate of Gozag.
             Killed by divine providence
             ... invoked by a royal mummy
              (9 damage)
             ... on level 3 of the Tomb of the Ancients on Jan 19, 2024.
             The game lasted 08:01:22 (93574 turns).

Konrad the Minotaur Barricade (Minotaur Hunter)    Turns: 93574, Time: 08:01:23

HP:   -1/251 (255)  AC: 37    Str: 21 (22) XL:     25   Next: 52%
MP:   30/30         EV: 23    Int:  5 (8)  God:    Gozag
Gold: 291           SH:  0    Dex: 23      Spells: 24/24 levels left

rFire   . . .        X - +7 mace of Variability {chaos, chaos arc}
rCold   . . .        (shield currently unavailable)
rNeg    + . .        Y - +6 plate armour "Voilez" {Regen+ Str+3}
rPois   .            M - +2 hat {SInv}
rElec   +            K - +0 cloak of the Hippo {Rampage rElec Regen+ Str-3}
rCorr   +            r - +3 pair of gauntlets of War {Slay+5}
SInv    +            A - +2 pair of boots {rampage}
Will    +....        n - amulet of Aczaib {Regen+ Str+3 Int+2 Slay+2} Stlth
                     k - +5 ring of evasion
HPRegen 2.21/turn    m - ring of Xom's Best Wishes {rN+ rCorr Slay+3}
MPRegen 0.22/turn

%: rampage
@: gold aura, studying 2 skills, lightly drained, invisible
A: horns 2, retaliatory headbutt, mutation resistance 1, subdued magic 1
}: 3/15 runes: decaying, serpentine, silver
a: Renounce Religion, Potion Petition, Call Merchant, Bribe Branch


You were on level 3 of the Tomb of the Ancients.
You worshipped Gozag.
Gozag was aware of your devotion.
You visited 12 branches of the dungeon, and saw 50 of its levels.
You visited the Abyss 2 times.
You visited 2 bazaars.
You also visited: Ice Cave.

You collected 27985 gold pieces.
You spent 8573 gold pieces at shops.
You paid 19121 gold pieces to Gozag.

Inventory:

Hand Weapons
 i - the +6 war axe of Causality {drain, +Blink rF+ SInv}
   (You took it off a deep elf elementalist on level 3 of the Elven Halls)

   rF:        It protects you from fire.
   SInv:      It lets you see invisible.
   +Blink:    It lets you blink.
 x - the +7 sling "Yxzellun" {drain, Str+3 SInv}
   (You bought it in a shop on level 9 of the Dungeon)

   Str:       It affects your strength (+3).
   SInv:      It lets you see invisible.
 G - the +9 morningstar "Eskuheax" {speed, rN+ Int+3}
   (You bought it in a shop on level 9 of the Dungeon)

   Int:       It affects your intelligence (+3).
   rN:        It protects you from negative energy.
 P - the +8 Vampire's Tooth {megavamp}
   (You found it on level 3 of the Crypt)
 W - the +4 hand crossbow of Emaoskel {drain, rPois rC- rN+ Will+}
   (You found it on level 3 of the Elven Halls)

   rC:        It makes you vulnerable to cold.
   rPois:     It protects you from poison.
   rN:        It protects you from negative energy.
   Will:      It increases your willpower.
 X - the +7 mace of Variability (weapon) {chaos, chaos arc}
   (You took it off a deep elf sorcerer on level 2 of the Elven Halls)
Armour
 a - the +15 Maxwell's patent armour {-Cast -Tele rElec Will+ rCorr}
   (You found it on level 13 of the Dungeon)

   rElec:     It insulates you from electricity.
   -Cast:     It prevents spellcasting.
   -Tele:     It prevents most forms of teleportation.
   rCorr:     It protects you from acid and corrosion.
   Will:      It increases your willpower.
 r - the +3 pair of gauntlets of War (worn) {Slay+5}
   (You bought it in a shop on level 9 of the Dungeon)

   Slay:      It affects your accuracy & damage with ranged weapons and melee
   (+5).
 z - a +8 tower shield
 A - a +2 pair of boots of rampaging (worn)
 K - the +0 cloak of the Hippo (worn) {Rampage rElec Regen+ Str-3}
   (You bought it in a shop on level 1 of the Depths)

   Str:       It affects your strength (-3).
   rElec:     It insulates you from electricity.
   Regen:     It increases your rate of health regeneration.
   Rampage:   It bestows one free step when moving towards enemies.
 M - a +2 hat of see invisible (worn)
 Y - the +6 plate armour "Voilez" (worn) {Regen+ Str+3}
   (You bought it in a shop on level 1 of the Depths)

   Str:       It affects your strength (+3).
   Regen:     It increases your rate of health regeneration.
Jewellery
 d - a +4 ring of protection
 f - a +6 ring of dexterity
 g - a +6 ring of dexterity
 j - the amulet "Doeth" {rPois rF+ Regen+}
   (You bought it in a shop on level 2 of the Orcish Mines)

   [amulet of regeneration]

   rF:        It protects you from fire.
   rPois:     It protects you from poison.
   Regen:     It increases your rate of health regeneration.
 k - a +5 ring of evasion (left hand)
 l - an amulet of the acrobat
 m - the ring of Xom's Best Wishes (right hand) {rN+ rCorr Slay+3}
   (You bought it in a shop on level 2 of the Orcish Mines)

   [ring of positive energy]

   Slay:      It affects your accuracy & damage with ranged weapons and melee
   (+3).
   rN:        It protects you from negative energy.
   rCorr:     It protects you from acid and corrosion.
 n - the amulet of Aczaib (around neck) {Regen+ Str+3 Int+2 Slay+2}
   (You acquired it on level 1 of the Crypt)

   [amulet of regeneration]

   Str:       It affects your strength (+3).
   Int:       It affects your intelligence (+2).
   Slay:      It affects your accuracy & damage with ranged weapons and melee
   (+2).
   Regen:     It increases your rate of health regeneration.
 v - a +6 ring of strength
 y - a ring of poison resistance
 B - the amulet of Vitality {RegenMP++ Regen++}
   (You took it off a deep elf pyromancer on level 3 of the Elven Halls)

   [amulet of magic regeneration]

   It increases your rate of magic regeneration.
   Regen:     It increases your rate of health regeneration.
 C - an amulet of reflection
 E - a +4 ring of protection
 H - a +5 ring of evasion
 L - a ring of flight
 T - the amulet "Poaluess" {Faith *Slow rElec Regen+ Dex-4}
   (You took it off a deep elf sorcerer on level 2 of the Elven Halls)

   [amulet of faith]

   It allows you to gain divine favour quickly.
   Dex:       It affects your dexterity (-4).
   rElec:     It insulates you from electricity.
   Regen:     It increases your rate of health regeneration.
   *Slow:     It may slow you when you take damage.
Wands
 b - a wand of roots (68)
 e - a wand of flame (72)
 s - a wand of digging (14)
 F - a wand of mindburst (12)
 R - a wand of quicksilver (26)
Scrolls
 h - 2 scrolls of fog
 q - 2 scrolls of silence
 t - 4 scrolls of fear
 J - 19 scrolls of teleportation
 O - a scroll of magic mapping
 S - 9 scrolls of blinking
Potions
 D - a potion of resistance
 Q - 9 potions of flight
Miscellaneous
 o - a phantom mirror (quivered)
 u - a condenser vane (inert)
 V - a box of beasts (inert)


   Skills:
 * Level 26.6 Fighting
 * Level 9.6 Long Blades
 - Level 8.2(16.7) Axes
 * Level 22.2(22.7) Maces & Flails
 - Level 2.8(5.9) Polearms
 - Level 17.0 Ranged Weapons
 * Level 19.3 Armour
 * Level 17.1 Dodging
 - Level 1.3 Stealth
 O Level 27 Shields
 * Level 11.6 Invocations
 - Level 2.0 Evocations


You had 24 spell levels left.
You didn't know any spells.
Your spell library contained the following spells:

 Spells                   Type           Power      Damage    Failure   Level
 Apportation              Tloc           0%         N/A       98%         1
 Foxfire                  Conj/Fire      0%         2x1d4     98%         1
 Freeze                   Ice            0%         1d3       98%         1
 Kiss of Death            Conj/Necr      0%         2d5       98%         1
 Magic Dart               Conj           0%         1d3       98%         1
 Necrotise                Necr           0%         1d4       98%         1
 Shock                    Conj/Air       0%         1d3       98%         1
 Sting                    Tmut/Pois      0%         1d3       98%         1
 Call Imp                 Summ           0%         N/A       99%         2
 Cigotuvi's Dreadful Rot  Necr/Pois/Air  0%         N/A       99%         2
 Ensorcelled Hibernation  Hex/Ice        0%         N/A       99%         2
 Passwall                 Tmut/Erth      0%         N/A       99%         2
 Poisonous Vapours        Pois/Air       0%         N/A       99%         2
 Searing Ray              Conj           0%         2d4       99%         2
 Confusing Touch          Hex            0%         N/A       100%        3
 Frozen Ramparts          Ice            0%         1d1       100%        3
 Hailstorm                Conj/Ice       0%         3d3       100%        3
 Ignite Poison            Fire/Tmut/Pois 0%         N/A       100%        3
 Inner Flame              Hex/Fire       0%         N/A       100%        3
 Mephitic Cloud           Conj/Pois/Air  0%         N/A       100%        3
 Ozocubu's Armour         Ice            0%         N/A       100%        3
 Portal Projectile        Hex/Tloc       0%         N/A       100%        3
 Stone Arrow              Conj/Erth      0%         3d7       100%        3
 Swiftness                Air            0%         N/A       100%        3
 Vampiric Draining        Necr           0%         2d6       100%        3
 Vhi's Electric Charge    Tloc/Air       0%         N/A       100%        3
 Volatile Blastmotes      Fire/Tloc      0%         2d10      100%        3
 Airstrike                Air            0%         2d(0-16)  100%        4
 Anguish                  Hex/Necr       0%         N/A       100%        4
 Animate Armour           Summ/Erth      0%         N/A       100%        4
 Cause Fear               Hex            0%         N/A       100%        4
 Dispel Undead            Necr           0%         3d6       100%        4
 Fulminant Prism          Conj/Hex       0%         3d5       100%        4
 Iskenderun's Mystic Bla  Conj/Tloc      0%         2d3       100%        4
 Olgreb's Toxic Radiance  Pois           0%         N/A       100%        4
 Petrify                  Tmut/Erth      0%         N/A       100%        4
 Agony                    Necr           0%         N/A       100%        5
 Alistair's Intoxication  Tmut/Pois      0%         N/A       100%        5
 Arcjolt                  Conj/Air       0%         1d10      100%        5
 Fireball                 Conj/Fire      0%         3d3       100%        5
 Freezing Cloud           Conj/Ice/Air   0%         6-21      100%        5
 Metabolic Englaciation   Hex/Ice        0%         N/A       100%        5
 Silence                  Hex/Air        0%         N/A       100%        5
 Summon Forest            Summ/Tloc      0%         N/A       100%        5
 Conjure Ball Lightning   Conj/Air       0%         3x3d6     100%        6
 Death Channel            Necr           0%         N/A       100%        6
 Eringya's Noxious Bog    Tmut/Pois      0%         N/A       100%        6
 Plasma Beam              Fire/Air       0%         2x1d11    100%        6
 Starburst                Conj/Fire      0%         6d3       100%        6
 Statue Form              Tmut/Erth      0%         N/A       100%        6
 Dragon Form              Tmut           0%         N/A       100%        7
 Enfeeble                 Hex            0%         N/A       100%        7
 Haunt                    Necr/Summ      0%         N/A       100%        7
 Ozocubu's Refrigeration  Ice            0%         4d7       100%        7
 Spellforged Servitor     Conj/Summ      0%         N/A       100%        7
 Summon Hydra             Summ           0%         N/A       100%        7
 Discord                  Hex            0%         N/A       100%        8
 Disjunction              Tloc           0%         N/A       100%        8
 Ignition                 Fire           0%         3d3       100%        8
 Infestation              Necr           0%         N/A       100%        8
 Lehudib's Crystal Spear  Conj/Erth      0%         10d2      100%        8
 Dragon's Call            Summ           0%         N/A       100%        9
 Polar Vortex             Ice            0%         N/A       100%        9
 Animate Dead             Necr           Unusable   N/A       N/A         4

Dungeon Overview and Level Annotations

Branches:
Dungeon (15/15)            Temple (1/1) D:5            Lair (5/5) D:9
  Swamp (4/4) Lair:2        Snake (4/4) Lair:2        Slime (1/5) Lair:4
    Orc (2/2) D:12            Elf (3/3) Orc:2        Vaults (5/5) D:13
  Crypt (3/3) Vaults:3       Tomb (3/3) Crypt:3      Depths (4/4) D:15
  IceCv (visited)
    Zot: Depths:4

Altars:
Ashenzari
Cheibriados
Dithmenos
Elyvilon
Fedhas
Gozag
Hepliaklqana
Kikubaaqudgha
Makhleb
Nemelex Xobeh
Okawaru
Qazlal
Ru
Sif Muna
Trog
Uskayaw
Vehumet
Wu Jian
Xom
Yredelemnul
Zin
The Shining One
Jiyva

Shops:
D:9 (?[(   Orc:1 [   Orc:2 !**?[   Snake:1 [   Snake:2 =::*   Vaults:3 :
Depths:1 [([   Depths:3 *

Portals:
Hell: Depths:1 Depths:2 Depths:3
Abyss: Depths:1 Depths:3
Pandemonium: Depths:2


Innate Abilities, Weirdness & Mutations

You have a pair of horns on your head.
You reflexively headbutt those who attack you in melee.
You are somewhat resistant to further mutation.
Your spells are a little easier to cast, but a little less powerful.


Message History

You crush the guardian mummy like a grape!!!
You burn the guardian mummy.
You destroy the guardian mummy!
You feel extremely nervous for a moment...
You are engulfed in negative energy!
You partially resist.
You feel drained.
The hellwing disappears in a puff of smoke!
The death scarab barely misses you. You furiously retaliate!
You headbutt the death scarab!
The royal mummy calls on the powers of darkness!
Your body is wracked with pain!
* * * LOW HITPOINT WARNING * * *
You crush the death scarab like a grape!!!
You freeze the death scarab.
You destroy the death scarab!
The death scarab's corpse disappears in a puff of smoke!
The royal mummy misses you.
A royal mummy comes into view.
The guardian mummy is distracted by your dazzling golden aura.
You hammer the royal mummy like a gong!!!!
You freeze the royal mummy!!
The royal mummy is severely damaged.
You hear a faint skittering sound. x8
The guardian mummy completely misses you.
You furiously retaliate!
You headbutt the guardian mummy!!
You destroy the guardian mummy!
You feel extremely nervous for a moment...
The world around you seems to dim momentarily.
A mummy priest comes into view.
You bludgeon the royal mummy!! You freeze the royal mummy.
You headbutt the royal mummy!
The royal mummy is almost destroyed.
The skeletal warrior closely misses you.
You furiously retaliate!
You headbutt the skeletal warrior. The royal mummy casts a spell at you.
Something smites you!
* * * LOW HITPOINT WARNING * * *
The royal mummy points at you and mumbles some strange words.
Something smites you!
You die...
Your body crumbles into a pile of gold. $$$ #M.....#.. $ $$ $$$$$ .#....M.#.. $ $$ $$ .'.M.M.Z'.. $ $$$$$ #MMMMMM# $ $ $$$$$ #MMMMMM# $ $$$$$$ #MMMsVM# $$ $$$$$ #MMM.VM# $ $$$$$ #MMMMzM# $ $$$$ #.MMM§@# $$ ########

You could see 3 royal mummies, an emperor scorpion (summoned, wandering, unable to see you), 4 mummy priests, a skeletal warrior (unable to see you), a jiangshi (summoned, unable to see you), 15 guardian mummies, a vampire (summoned, invisible) and 5 mummies.

Vanquished Creatures
  Mara (Elf:3)
  Mennas (Vaults:3)
  A juggernaut (Depths:2)
  22 royal mummies
  Boris (thrice) (Vaults:5 Tomb:1 Tomb:3)
  Sojobo (Depths:3)
  Vv (Crypt:3)
  Bai Suzhen (Crypt:1)
  Margery (Vaults:4)
  Saint Roka (Depths:2)
  Nikola (Snake:4)
  2 golden dragons
  Jory (Depths:3)
  2 bone dragons
  6 tentacled monstrosities
  Zenata (Elf:2)
  2 titans
  A quicksilver dragon (Vaults:4)
  2 deep elf blademasters (Elf:3)
  Asterion (Depths:1)
  6 liches
  A walking frostbound tome (Depths:3)
  4 deep elf master archers (Elf:3)
  An acid blob (Slime:1)
  8 ancient champions
  5 tentacled starspawn (Abyss:3)
  11 sphinxes
  Gastronok (D:8)
  A thorn hunter (Swamp:2)
  4 tengu reavers
  A storm dragon (Vaults:5)
  A rockslime (Lair:4)
  4 revenants
  2 shadow dragons (Vaults:4)
  5 fire giants
  3 nagarajas
  14 deep elf sorcerers
  6 frost giants
  A balrug (Tomb:2)
  4 iron dragons
  16 vault wardens
  Aizul (Snake:1)
  4 spectral caustic shrikes (Depths:1)
  2 juggernaut zombies
  10 ghouls
  A curse skull (Crypt:1)
  2 orc warlords
  3 deep elf elementalists (Elf:3)
  An angel (Abyss:3)
  18 ironbound preservers
  2 war gargoyles
  22 very ugly things
  An ophan (Abyss:3)
  5 ironbound thunderhulks
  23 vampire knights
  13 stone giants
  5 eleionomae
  Azrael (Snake:1)
  7 deep elf annihilators
  8 deep elf demonologists
  5 dire elephants
  3 bunyips
  The ghost of vbillard the Destroyer, a journeyman DECj of Hepliaklqana (Lair:5)
  6 bennus
  13 mummy priests
  Snorg (D:12)
  The ghost of Tiockas the Geomancer, a journeyman KoEE of Vehumet (Lair:4)
  5 eidola
  3 deep elf death magi
  7 deep elf high priests
  20 ettins
  A quicksilver dragon zombie (Tomb:1)
  8 yaktaur captains
  A crystal guardian (Abyss:3)
  4 fire dragons
  12 jiangshi
  2 blizzard demons (Abyss:3)
  4 great orbs of eyes
  4 ice dragons
  5 rakshasas
  18 anacondas
  2 spriggan zombies
  7 hydras
  The ghost of Stirner the Geomancer, a journeyman GrEE of Sif Muna (D:9)
  25 vault guards
  2 caustic shrike simulacra (IceCv)
  5 ghost crabs
  A salamander tyrant (Snake:3)
  An anaconda (shapeshifter) (Vaults:4)
  6 centaur warriors
  2 spriggan air magi (Depths:1)
  3 ogre magi
  A hydra (shapeshifter) (Elf:2)
  A peacekeeper (Vaults:4)
  2 death knights
  10 ironbound frosthearts
  5 catoblepae
  8 boulder beetles
  17 death yaks
  12 two-headed ogres
  A bennu skeleton (Crypt:3)
  24 death scarabs
  30 dancing weapons
  A satyr (shapeshifter) (D:11)
  6 deep troll shamans
  10 deep troll earth magi
  10 naga warriors
  10 vampire magi
  6 tengu warriors
  2 titan zombies
  5 spriggan berserkers
  10 alligators
  2 orc high priests
  23 naga sharpshooters
  7 thrashing horrors (Abyss:3)
  4 hell knights (Vaults:4)
  Urug (Lair:4)
  8 deep elf knights
  A soul eater (Crypt:1)
  11 shock serpents
  A storm dragon zombie (Crypt:3)
  9 iron trolls
  A skyshark (shapeshifter) (Vaults:5)
  6 salamander mystics
  3 shadow wraiths
  2 wretched stars
  51 deep trolls
  A sixfirhy (Abyss:3)
  4 goliath frogs
  5 sea snakes (Snake:1)
  33 skeletal warriors
  An orb spider (shapeshifter) (Vaults:4)
  3 spriggan druids
  22 ironbound convokers
  7 swamp dragons
  2 glowing orange brains
  5 flayed ghosts
  A bunyip zombie (Crypt:3)
  4 naga ritualists
  16 deep elf archers
  An obsidian statue (IceCv)
  14 lindwurms
  5 harpies (Vaults:2)
  15 bog bodies
  5 necromancers
  29 phantasmal warriors
  5 wizards
  6 orc knights (Vaults:1)
  A goliath frog zombie (Crypt:2)
  3 spriggan simulacra
  3 spectral hydras (Swamp:4)
  A salamander (shapeshifter) (Vaults:4)
  32 deep elf pyromancers
  29 deep elf zephyrmancers
  10 mana vipers
  A stone giant zombie (Crypt:2)
  A wolf spider (Lair:5)
  28 ugly things
  A worldbinder (Abyss:3)
  3 cyclopes
  7 orc sorcerers
  2 moths of wrath (Lair:4)
  5 elephants
  23 salamanders
  A stone giant skeleton (Crypt:3)
  2 will-o-the-wisps (Swamp:2)
  An ice statue (Lair:5)
  6 manticores
  37 black mambas
  2 centaur zombies (Crypt:3)
  3 dire elephant zombies
  A smoke demon (Abyss:3)
  An apocalypse crab (Abyss:3)
  15 vault sentinels
  11 naga magi
  8 guardian serpents
  7 cane toads
  A dire elephant skeleton (Crypt:1)
  10 yaktaurs
  A rime drake (Lair:5)
  3 unseen horrors
  4 kobold demonologists
  3 swamp worm zombies (Swamp:4)
  3 efreet
  5 komodo dragons
  17 freezing wraiths
  An ice devil (IceCv)
  5 tengu conjurers
  2 ancient zymes
  2 anaconda simulacra (IceCv)
  An unseen horror skeleton (Crypt:2)
  A golden dragon simulacrum (IceCv)
  A death yak skeleton (Crypt:1)
  35 guardian mummies
  5 hydra zombies (Swamp:4)
  2 harpy zombies (Crypt:3)
  6 trolls
  A yellow draconian skeleton (Crypt:1)
  9 tyrant leeches
  2 polar bears (Lair:5)
  2 bloated husks
  A hydra skeleton (Crypt:3)
  Grinder (D:6)
  10 hornets
  2 tarantellas (shapeshifter)
  9 raiju (Abyss:3)
  4 harpy skeletons
  8 alligator zombies
  6 dream sheep
  7 blink frogs
  A satyr zombie (Crypt:2)
  An ettin zombie (Crypt:3)
  7 large abominations (Abyss:3)
  A guardian serpent skeleton (Crypt:3)
  37 slime creatures
  A slime creature (shapeshifter) (D:15)
  11 flying skulls
  13 spriggans
  9 wyverns
  2 vampires
  3 dire elephant simulacra (IceCv)
  A spriggan (shapeshifter) (Vaults:4)
  5 air elementals
  30 yaks
  2 ynoxinuls (Abyss:3)
  7 water elementals
  4 small abominations
  An ice dragon skeleton (Crypt:1)
  5 fire elementals
  A human (shapeshifter) (D:13)
  3 fire bats (Orc:1)
  9 ushabtiu
  13 wraiths
  A black mamba skeleton (Crypt:3)
  A chaos spawn (Abyss:3)
  A steam dragon (D:7)
  7 humans (D:13)
  9 basilisks
  A redback (shapeshifter) (D:13)
  3 wargs
  4 harpy simulacra (IceCv)
  Menkaure (D:4)
  A glowing shapeshifter zombie (Crypt:2)
  3 minotaur simulacra
  19 vampire mosquitoes
  5 acid dragons
  50 nagas
  A naga zombie (Crypt:3)
  12 swamp worms
  A water nymph zombie (Crypt:1)
  2 hydra simulacra (IceCv)
  A deep troll skeleton (Crypt:1)
  18 water moccasins
  A two-headed ogre skeleton (Tomb:1)
  4 hell hounds (Snake:1)
  A merfolk skeleton (Crypt:1)
  2 sky beasts
  2 ettin simulacra (IceCv)
  A swamp drake (Swamp:3)
  27 orc warriors
  2 swamp dragon zombies (Swamp:4)
  5 alligator simulacra (IceCv)
  4 ice beasts
  8 ogres
  4 black bears
  2 wolves (Elf:2)
  3 starcursed masses (Abyss:3)
  3 boggarts (Vaults:2)
  8 centaurs
  5 phantoms (Swamp:4)
  A torpor snail zombie (Crypt:3)
  A dream sheep skeleton (Crypt:3)
  A blink frog skeleton (Crypt:2)
  A hog skeleton (Crypt:1)
  9 kobold brigands
  Blork the orc (D:6)
  An earth elemental (Elf:1)
  3 gnoll sergeants
  7 bullfrogs
  2 necrophages (Crypt:3)
  A scorpion (D:6)
  A deep troll simulacrum (IceCv)
  A yaktaur skeleton (Crypt:3)
  5 wights (D:8)
  11 killer bees
  3 lindwurm simulacra (IceCv)
  A howler monkey (D:7)
  5 crimson imps
  3 hounds
  33 orc priests
  3 jellies
  Jessica (D:3)
  A sleepcap (D:7)
  2 iguanas
  31 orc wizards
  2 spectral swamp drakes (Swamp:4)
  2 hell rats (Lair:2)
  An ogre zombie (Crypt:2)
  48 mummies
  Robin (D:2)
  10 gnolls
  5 river rats (Lair:2)
  5 adders
  4 swamp drake zombies
  A shadow imp (D:7)
  2 white imps
  2 ufetubi
  4 worms
  75 orcs
  11 ball pythons
  4 endoplasms
  2 giant cockroaches
  16 goblins
  10 hobgoblins
  5 jackals (D:2)
  A quokka (D:1)
  A ball python zombie (Crypt:2)
  3 bats
  2 frilled lizards (D:2)
  A goblin skeleton (Crypt:2)
  11 kobolds
  10 rats
2117 creatures vanquished.

Vanquished Creatures (collateral kills)
  A tentacled monstrosity (Vaults:5)
  A tengu reaver (Vaults:5)
  A frost giant (Vaults:5)
  A fire giant (Vaults:5)
  A vault warden (Vaults:5)
  An ironbound preserver (Vaults:5)
  2 very ugly things (Vaults:4)
  A stone giant (Vaults:5)
  2 yaktaur captains (Vaults:5)
  10 vault guards
  A two-headed ogre (D:9)
  A deep troll (Vaults:5)
  A flayed ghost (Vaults:5)
  A phantasmal warrior (Vaults:5)
  An ironbound convoker (Vaults:5)
  2 ugly things
  A komodo dragon (shapeshifter) (Vaults:5)
  A guardian mummy (Tomb:2)
  2 ushabtiu (Tomb:1)
  A swamp worm (shapeshifter) (Vaults:5)
33 creatures vanquished.

Vanquished Creatures (others)
  An ancient lich (Vaults:5)
  5 royal mummies
  A tentacled monstrosity (Vaults:5)
  A titan (Vaults:5)
  2 tengu reavers (Vaults:5)
  A revenant (Tomb:1)
  2 fire giants
  2 vault wardens (Vaults:5)
  A deep elf elementalist (Elf:3)
  2 ironbound preservers (Vaults:5)
  A stone giant (Vaults:5)
  3 bennus
  3 mummy priests (Tomb:2)
  4 vault guards
  An ironbound frostheart (Vaults:5)
  7 death scarabs
  2 deep troll earth magi (Vaults:5)
  A thrashing horror (Abyss:3)
  5 spriggans (Swamp:4)
  A goliath frog (Swamp:1)
  6 deep trolls (Vaults:5)
  A wizard (Depths:1)
  An ironbound convoker (Vaults:5)
  A deep elf pyromancer (Elf:1)
  A guardian serpent (Snake:4)
  A titan simulacrum (Tomb:2)
  A vault sentinel (Vaults:5)
  4 guardian mummies (Tomb:2)
  6 bloated husks
  3 hornets (Swamp:4)
  A raiju (Abyss:3)
  2 flying skulls (Tomb:2)
  A water elemental (Elf:2)
  2 ushabtiu (Tomb:2)
  A human (D:13)
  A harpy simulacrum (Abyss:3)
  A phantom (Swamp:4)
  A howler monkey (D:7)
  A sleepcap (D:7)
  6 mummies (Tomb:2)
  A worm (shapeshifter) (Vaults:5)
  A butterfly (Depths:1)
  2 foxfires (Swamp:2)
  A lurking horror (Abyss:3)
  26 starspawn tentacles (Abyss:3)
119 creatures vanquished.

Grand Total: 2269 creatures vanquished

Notes
Turn   | Place    | Note
-------+----------+-------------------------------------------
     0 | D:1      | Konrad the Minotaur Hunter began the quest for the Orb.
     0 | D:1      | Reached XP level 1. HP: 18/18 MP: 0/0
   200 | D:1      | Reached XP level 2. HP: 25/25 MP: 1/1
   204 | D:1      | Reached skill level 5 in Ranged Weapons
   669 | D:2      | Reached XP level 3. HP: 30/30 MP: 2/2
   846 | D:2      | Found a faded altar of an unknown god.
  1058 | D:2      | Noticed Robin
  1060 | D:2      | Reached skill level 1 in Armour
  1189 | D:2      | Killed Robin
  1190 | D:2      | Reached skill level 1 in Axes
  1418 | D:3      | Reached XP level 4. HP: 37/37 MP: 3/3
  1892 | D:3      | Noticed Jessica
  1896 | D:3      | Killed Jessica
  1928 | D:3      | Found a shimmering blue altar of Sif Muna.
  1934 | D:3      | Got Sif Muna's Directory of the Chill
  1939 | D:3      | Found a bloodstained altar of Trog.
  1945 | D:3      | Reached XP level 5. HP: 37/42 MP: 4/4
  3185 | D:4      | Noticed Menkaure
  3766 | D:5      | Entered Level 5 of the Dungeon
  3781 | D:5      | Noticed a water moccasin
  3789 | D:5      | Killed a water moccasin
  3790 | D:5      | Reached XP level 6. HP: 48/50 MP: 5/5
  3813 | D:5      | Found a stormy altar of Qazlal.
  3888 | D:5      | Found a staircase to the Ecumenical Temple.
  3901 | Temple   | Entered the Ecumenical Temple
  3902 | Temple   | Found a transporter.
  3902 | Temple   | Found a transporter.
  3904 | Temple   | Found a transporter.
  3904 | Temple   | Found a transporter.
  3918 | Temple   | Became a worshipper of Gozag Ym Sagoz the Greedy
  4049 | D:5      | Reached XP level 7. HP: 57/57 MP: 6/6
  4417 | D:6      | Noticed Blork the orc
  4456 | D:6      | Killed Blork the orc
  4739 | D:6      | Reached XP level 8. HP: 66/66 MP: 7/7
  5236 | D:6      | Noticed Grinder
  5247 | D:6      | Paralysed by Grinder for 5 turns
  5253 | D:6      | Killed Grinder
  5254 | D:6      | Reached skill level 10 in Ranged Weapons
  6096 | D:7      | Reached skill level 1 in Stealth
  6502 | D:6      | Reached skill level 5 in Fighting
  7097 | D:7      | Reached XP level 9. HP: 64/74 MP: 8/8
  7105 | D:7      | Reached skill level 5 in Armour
  7245 | D:7      | Found a shimmering altar of Xom.
  7246 | D:7      | Found a burning altar of Makhleb.
  7666 | D:8      | Found a hide-covered altar of Uskayaw.
  8024 | D:8      | Noticed Gastronok
  8064 | D:8      | Killed Gastronok
  8065 | D:8      | Reached skill level 5 in Axes
  8065 | D:8      | Reached XP level 10. HP: 73/84 MP: 9/9
  8605 | D:8      | Found a hazy altar of Hepliaklqana.
  8761 | D:8      | Found a broken altar of Ashenzari.
  9035 | D:9      | Noticed a two-headed ogre
  9069 | D:9      | Killed a two-headed ogre
  9070 | D:9      | Found a shadowy altar of Dithmenos.
  9246 | D:9      | Found a staircase to the Lair.
  9333 | D:9      | Found a transporter.
  9334 | D:9      | Found a transporter.
  9334 | D:9      | Noticed a boulder beetle
  9472 | D:9      | Found Foll's Antique Armour Emporium.
  9496 | D:9      | Bought the +3 pair of gauntlets of War {Slay+5} for 997
                  | gold pieces
  9496 | D:9      | Found the +3 pair of gauntlets of War {Slay+5}
 10466 | Lair:1   | Entered Level 1 of the Lair of Beasts
 10574 | D:10     | Entered Level 10 of the Dungeon
 10911 | D:10     | Got Sif Muna's Compendium of the Bewitching Plateau
 10936 | D:10     | Reached XP level 11. HP: 82/95 MP: 10/10
 11089 | D:10     | Found a runed translucent gate.
 11089 | D:10     | Found a runed translucent gate.
 11089 | D:10     | Found a runed translucent gate.
 11090 | D:10     | Noticed Stirner's ghost (journeyman GrEE)
 11195 | D:10     | Noticed a two-headed ogre
 11207 | D:10     | Killed a two-headed ogre
 12277 | D:10     | Noticed a sixfirhy
 12815 | D:11     | Noticed a centaur warrior
 12820 | D:11     | Noticed a two-headed ogre
 13176 | D:10     | Reached skill level 10 in Fighting
 13467 | D:11     | Noticed a boulder beetle
 13481 | D:11     | Killed a boulder beetle
 13482 | D:11     | Reached skill level 15 in Ranged Weapons
 13707 | D:11     | Killed a two-headed ogre
 13799 | D:11     | Noticed a two-headed ogre
 13806 | D:11     | Killed a two-headed ogre
 13914 | D:11     | Killed a centaur warrior
 14339 | D:11     | Noticed a boulder beetle
 14378 | D:11     | Killed a boulder beetle
 14379 | D:11     | Reached XP level 12. HP: 98/108 MP: 11/11
 14671 | D:11     | Noticed a boulder beetle
 14679 | D:11     | Killed a boulder beetle
 14732 | D:11     | Noticed a two-headed ogre
 14741 | D:11     | Killed a two-headed ogre
 15108 | D:11     | Noticed a satyr
 15116 | D:11     | Killed a satyr
 15266 | D:9      | Killed Stirner's ghost
 15267 | D:9      | Reached skill level 5 in Dodging
 15711 | Lair:1   | Reached skill level 1 in Polearms
 16011 | Lair:1   | Noticed a death yak
 16026 | Lair:1   | Killed a death yak
 16198 | Lair:1   | Noticed a death yak
 16203 | Lair:1   | Noticed a death yak
 16206 | Lair:1   | Killed a death yak
 16207 | Lair:1   | Reached skill level 10 in Armour
 16209 | Lair:1   | Noticed a death yak
 16211 | Lair:1   | Noticed a death yak
 16213 | Lair:1   | Noticed a death yak
 16217 | Lair:1   | Killed a death yak
 16850 | Lair:1   | Killed a death yak
 16876 | Lair:1   | Killed a death yak
 16914 | Lair:1   | Killed a death yak
 17682 | Lair:2   | Found a broken altar of Ashenzari.
 17683 | Lair:2   | Found a staircase to the Swamp.
 18065 | Lair:2   | Found a staircase to the Snake Pit.
 18354 | Lair:3   | Reached XP level 13. HP: 119/119 MP: 12/12
 18752 | D:9      | Bought a shimmering sling for 214 gold pieces
 18752 | D:9      | Identified the +7 sling "Yxzellun" {drain, Str+3 SInv} (You
                  | bought it in a shop on level 9 of the Dungeon)
 18752 | D:9      | Bought a faintly glowing morningstar for 297 gold pieces
 18752 | D:9      | Identified the +9 morningstar "Eskuheax" {speed, rN+ Int+3}
                  | (You bought it in a shop on level 9 of the Dungeon)
 18753 | D:9      | Bought a runed mace for 198 gold pieces
 18890 | Lair:4   | Found a transporter.
 18920 | Lair:4   | Found a transporter.
 18947 | Lair:4   | Noticed Tiockas's ghost (journeyman KoEE)
 19014 | Lair:3   | Reached skill level 1 in Maces & Flails
 20028 | Lair:4   | Found a viscous altar of Jiyva.
 20029 | Lair:4   | Found a staircase to the Slime Pits.
 20071 | Lair:4   | Noticed Urug
 20081 | Lair:4   | Killed Urug
 20082 | Lair:4   | Reached skill level 5 in Maces & Flails
 20268 | Lair:5   | Entered Level 5 of the Lair of Beasts
 20379 | Lair:5   | Found a transporter.
 20453 | Lair:5   | Noticed vbillard's ghost (journeyman DECj)
 20756 | Lair:5   | Found a transporter.
 21648 | Lair:5   | Reached skill level 10 in Maces & Flails
 22991 | Lair:4   | Found a bloodstained altar of Trog.
 23493 | D:12     | Found a shimmering altar of Xom.
 23556 | D:12     | Noticed Snorg
 23569 | D:12     | Killed Snorg
 23570 | D:12     | Reached XP level 14. HP: 124/129 MP: 13/13
 23582 | D:12     | Identified the +0 pair of gloves of Guhicuso {*Corrode
                  | +Blink Dex+6 Slay+2}
 23627 | D:12     | Found a staircase to the Orcish Mines.
 24022 | D:12     | Found a flickering gateway to a bazaar.
 24030 | Bazaar   | Entered a bazaar
 24030 | Bazaar   | Found Hiuriuz's Armour Boutique.
 24132 | Bazaar   | Found Sucog's Antique Armour Shoppe.
 24146 | Bazaar   | Found Tousuad's Assorted Antiques.
 24208 | Bazaar   | Found Ycoiff's Book Emporium.
 24261 | Bazaar   | Bought a transparent plate armour for 504 gold pieces
 24261 | Bazaar   | Identified the +9 plate armour of the Ward {rPois rF- rN+++
                  | Int+3} (You bought it in a shop in a bazaar)
 24282 | Bazaar   | Bought a scroll of enchant armour for 240 gold pieces
 24293 | Bazaar   | Bought a glowing cloak for 135 gold pieces
 24359 | Bazaar   | Bought a runed war axe for 208 gold pieces
 25106 | D:12     | Reached skill level 1 in Shields
 25270 | Orc:1    | Entered Level 1 of the Orcish Mines
 25452 | Orc:2    | Entered Level 2 of the Orcish Mines
 25497 | Orc:2    | Reached skill level 2 in Shields
 25565 | Orc:2    | Found a staircase to the Elven Halls.
 25870 | Orc:1    | Reached skill level 3 in Shields
 26025 | Orc:1    | Found Uhoasouc's Armour Emporium.
 26117 | Orc:1    | Reached skill level 4 in Shields
 26378 | Orc:1    | Reached skill level 1 in Evocations
 26930 | Orc:2    | Reached skill level 5 in Shields
 27121 | Orc:2    | Reached skill level 6 in Shields
 27188 | Orc:2    | Found Ycurr's General Store.
 27188 | Orc:2    | Found Xosiukh's General Store.
 27189 | Orc:2    | Found Qeuttomp's Antique Armour Shoppe.
 27202 | Orc:2    | Found Cyvig's Magic Scroll Shoppe.
 27309 | Orc:2    | Bought the amulet "Doeth" {rPois rF+ Regen+} for 626 gold
                  | pieces
 27309 | Orc:2    | Bought a potion of heal wounds for 65 gold pieces
 27311 | Orc:2    | Bought a scroll of acquirement for 624 gold pieces
 27311 | Orc:2    | Bought a scroll of teleportation for 36 gold pieces
 27311 | Orc:2    | Bought a scroll of enchant armour for 90 gold pieces
 27311 | Orc:2    | Bought a scroll of teleportation for 36 gold pieces
 27311 | Orc:2    | Bought a scroll of teleportation for 36 gold pieces
 27313 | Orc:2    | Acquired 846 gold pieces
 27329 | Orc:2    | Bought the ring of Xom's Best Wishes {rN+ rCorr Slay+3} for
                  | 632 gold pieces
 27663 | Orc:2    | Found Detirgh's Distillery.
 27671 | Orc:2    | Bought a potion of mutation for 136 gold pieces
 27671 | Orc:2    | Bought 2 potions of berserk rage for 170 gold pieces
 27764 | Orc:2    | Gained mutation: Your spells are a little easier to cast,
                  | but a little less powerful. [potion of mutation]
 27764 | Orc:2    | Gained mutation: You are somewhat resistant to further
                  | mutation. [potion of mutation]
 28067 | Elf:1    | Entered Level 1 of the Elven Halls
 28348 | Orc:2    | Reached skill level 7 in Shields
 28645 | Elf:1    | Reached skill level 8 in Shields
 29105 | Orc:2    | Reached skill level 9 in Shields
 29898 | Lair:5   | Reached skill level 10 in Shields
 29924 | Lair:5   | Killed vbillard's ghost
 30315 | Lair:5   | Identified the ring "Lerhuniq" {rPois Int+6 Dex+2}
 30438 | Swamp:1  | Entered Level 1 of the Swamp
 30726 | Swamp:1  | Reached skill level 11 in Shields
 31825 | Swamp:1  | Reached XP level 15. HP: 135/135 MP: 14/14
 32134 | Swamp:1  | Reached skill level 12 in Shields
 32448 | Swamp:2  | Noticed a thorn hunter
 32594 | Swamp:2  | Killed a thorn hunter
 32599 | Swamp:2  | Reached skill level 13 in Shields
 33021 | D:9      | Bought a scroll of enchant armour for 142 gold pieces
 33101 | D:13     | Found an iron altar of Okawaru.
 34103 | D:13     | Reached skill level 14 in Shields
 34130 | D:13     | Found the +15 Maxwell's patent armour {-Cast -Tele rElec
                  | Will+ rCorr}
 34178 | D:13     | Found a gate to the Vaults.
 35222 | D:15     | Entered Level 15 of the Dungeon
 35339 | D:15     | Reached skill level 15 in Shields
 35832 | D:15     | Found a staircase to the Depths.
 36533 | Depths:1 | Entered Level 1 of the Depths
 36558 | D:15     | Reached skill level 16 in Shields
 37113 | Depths:1 | Found a one-way gate to the infinite horrors of the Abyss.
 37152 | Depths:1 | Found a gateway to Hell.
 37160 | Depths:1 | Noticed a fire giant
 37330 | Depths:1 | Killed a fire giant
 37539 | Depths:1 | Reached skill level 17 in Shields
 37559 | Depths:1 | Reached XP level 16. HP: 109/143 MP: 15/15
 37640 | Depths:1 | Found a white marble altar of Elyvilon.
 37677 | Depths:1 | Noticed Asterion
 37723 | Depths:1 | Killed Asterion
 38394 | Depths:1 | Noticed a lich
 38414 | Depths:1 | Killed a lich
 38419 | Depths:1 | Reached skill level 18 in Shields
 38529 | Depths:1 | Gained mutation: Your magical capacity is low. (-10% MP)
                  | [mutagenic glow]
 38541 | Depths:1 | Lost mutation: Your magical capacity is low. (-10% MP)
                  | [mutagenic glow]
 39171 | Depths:1 | Reached skill level 19 in Shields
 39352 | Depths:1 | Found Nuniekipn's Armour Emporium.
 41038 | Depths:2 | Found an opulent altar of Gozag.
 41296 | Depths:1 | Reached skill level 10 in Dodging
 41383 | Depths:1 | Reached skill level 20 in Shields
 42157 | Depths:2 | Reached skill level 21 in Shields
 42563 | Depths:2 | Reached XP level 17. HP: 149/149 MP: 16/16
 42970 | Depths:2 | HP: 2/149 [fire dragon/blast of flame (52)]
 43502 | Depths:2 | Reached skill level 22 in Shields
 43745 | Depths:2 | Found a one-way gate leading to the halls of Pandemonium.
 43812 | Depths:2 | Noticed a lich
 43958 | Depths:2 | Killed a lich
 44543 | Depths:2 | Noticed a juggernaut
 44563 | Depths:2 | Killed a juggernaut
 44614 | Depths:2 | Identified the +7 flail of Vuzeos {freeze, rPois MP+9 Int+3
                  | Dex+2}
 44615 | Depths:2 | Identified the +6 glaive of the Evil Eye {flame, rF+}
 44617 | Depths:2 | Identified the +2 trident "Gohoidab" {flame, Dex+4}
 44618 | Depths:2 | Identified the +6 mace of Cearomol {venom, *Corrode rElec
                  | rPois}
 44619 | Depths:2 | Identified the +11 glaive of Starshine {venom, rElec Str-2
                  | Int+3 Stlth+}
 45001 | Depths:1 | Bought a fading kite shield for 275 gold pieces
 45001 | Depths:1 | Identified the +1 kite shield "Vomiug" {+Blink Int+3} (You
                  | bought it in a shop on level 1 of the Depths)
 45001 | Depths:1 | Bought a fading cloak for 275 gold pieces
 45001 | Depths:1 | Identified the +0 cloak of the Hippo {Rampage rElec Regen+
                  | Str-3} (You bought it in a shop on level 1 of the Depths)
 45231 | Depths:3 | Found Covvet's General Store.
 45244 | Depths:3 | Bought a scroll of blinking for 165 gold pieces
 45244 | Depths:3 | Bought a scroll of teleportation for 66 gold pieces
 45740 | Depths:4 | Entered Level 4 of the Depths
 45764 | Depths:3 | Noticed Sojobo
 45771 | Depths:3 | Paralysed by an air elemental for 1 turns
 45777 | Depths:3 | Paralysed by an air elemental for 1 turns
 46024 | Depths:3 | Noticed Jory
 46037 | Depths:3 | Noticed a golden dragon
 46083 | Depths:3 | Reached skill level 23 in Shields
 46652 | Depths:3 | Noticed Saint Roka
 46658 | Depths:3 | Identified the staff of cold "Megregeg" {rC+ rN+ Will-
                  | Int+2}
 46659 | Depths:3 | Noticed a walking frostbound tome
 46677 | Depths:2 | Killed Saint Roka
 47943 | Elf:1    | Paralysed by an air elemental for 1 turns
 48132 | Elf:1    | Paralysed by an air elemental for 1 turns
 48135 | Elf:1    | Paralysed by an air elemental for 1 turns
 48675 | Abyss:3  | Cast into level 3 of the Abyss (a deep elf sorcerer)
 48929 | Abyss:3  | Reached XP level 18. HP: 126/126 MP: 11/11
 49016 | Abyss:3  | Found a corrupted altar of Lugonu.
 49136 | Abyss:3  | Found a corrupted altar of Lugonu.
 49215 | Abyss:3  | Reached skill level 24 in Shields
 49229 | Elf:1    | Escaped the Abyss
 49519 | Depths:1 | Bought a heavily runed plate armour for 812 gold pieces
 49519 | Depths:1 | Identified the +6 plate armour "Voilez" {Regen+ Str+3} (You
                  | bought it in a shop on level 1 of the Depths)
 49942 | Elf:2    | Paralysed by an air elemental for 1 turns
 49959 | Elf:2    | Noticed a Tzitzimitl
 49975 | Elf:2    | Paralysed by an air elemental for 1 turns
 51059 | Slime:1  | Entered Level 1 of the Pits of Slime
 53068 | Swamp:3  | Found a frozen archway.
 53088 | IceCv    | Entered an ice cave
 53566 | IceCv    | Found an ancient bone altar of Kikubaaqudgha.
 54020 | IceCv    | Noticed a lich
 54035 | IceCv    | Killed a lich
 54048 | IceCv    | Reached skill level 25 in Shields
 55292 | Swamp:4  | Entered Level 4 of the Swamp
 56383 | Swamp:4  | Noticed a bone dragon
 56425 | Swamp:4  | Killed a bone dragon
 56464 | Swamp:4  | Got a decaying rune of Zot
 57131 | Vaults:1 | Entered Level 1 of the Vaults
 57314 | Vaults:1 | Reached XP level 19. HP: 157/168 MP: 18/18
 57485 | Vaults:1 | You fall into a shaft and drop 1 floor!
 57545 | Vaults:2 | Reached skill level 26 in Shields
 57580 | Vaults:2 | Reached skill level 15 in Fighting
 58237 | Vaults:1 | Identified the +2 scale mail of Words of Power {Harm rElec
                  | rPois Regen+}
 59300 | Vaults:2 | Reached skill level 27 in Shields
 60503 | Vaults:3 | Noticed Mennas
 60538 | Vaults:3 | Killed Mennas
 60580 | Vaults:3 | Found a flickering gateway to a bazaar.
 60592 | Bazaar   | Entered a bazaar
 60633 | Bazaar   | Found Tegaob's General Store.
 60633 | Bazaar   | Found Lugh's Magic Scroll Emporium.
 60655 | Bazaar   | Found Gaddeshre's Armour Shoppe.
 60709 | Bazaar   | Bought a scroll of blinking for 75 gold pieces
 60709 | Bazaar   | Bought a scroll of blinking for 75 gold pieces
 60709 | Bazaar   | Bought a scroll of blinking for 75 gold pieces
 60709 | Bazaar   | Bought a scroll of teleportation for 30 gold pieces
 60709 | Bazaar   | Bought a scroll of teleportation for 30 gold pieces
 60715 | Bazaar   | Bought a scroll of blinking for 90 gold pieces
 60715 | Bazaar   | Bought a scroll of magic mapping for 90 gold pieces
 61193 | Vaults:3 | Reached XP level 20. HP: 183/183 MP: 19/19
 61610 | Vaults:3 | Found a staircase to the Crypt.
 61610 | Vaults:3 | Found an ancient bone altar of Kikubaaqudgha.
 61611 | Vaults:3 | Found a basalt altar of Yredelemnul.
 61863 | Vaults:4 | Identified the +9 falchion "Meudijer" {vamp, rPois Will+
                  | rCorr}
 62023 | Vaults:4 | Reached skill level 1 in Long Blades
 62398 | Vaults:4 | Noticed Margery
 62455 | Vaults:4 | Killed Margery
 63132 | Vaults:4 | Upgraded the game from 0.30-b1-2-g02819fbbbe to 0.30.2
 63225 | Vaults:5 | Entered Level 5 of the Vaults
 63717 | Vaults:4 | Reached skill level 15 in Armour
 63828 | Vaults:5 | Reached XP level 21. HP: 188/200 MP: 20/20
 63916 | Vaults:5 | Noticed a golden dragon
 63936 | Vaults:5 | Killed a golden dragon
 63937 | Vaults:5 | Noticed an ancient lich
 63960 | Vaults:5 | Killed an ancient lich
 63979 | Abyss:3  | Cast into level 3 of the Abyss (a deep elf sorcerer)
 64035 | Abyss:3  | Found a corrupted altar of Lugonu.
 64133 | Vaults:4 | Escaped the Abyss
 64674 | Vaults:4 | Reached skill level 15 in Maces & Flails
 65196 | Vaults:5 | Identified the +8 arbalest "Uve Moqu" {flame, Fragile rElec
                  | Str-3 SInv} (You took it off a vault warden on level 5 of
                  | the Vaults)
 65251 | Vaults:5 | Identified the +5 trident "Baemat" {venom, Fly rPois Dex-2}
 65262 | Vaults:5 | Identified the staff of poison "Teit" {rPois Will+ Stlth+}
 65480 | Vaults:5 | Got the Secrets of the Fifth Circle
 65773 | Vaults:5 | Noticed Boris
 65788 | Vaults:5 | Killed Boris
 65829 | Vaults:5 | Identified the +7 short sword of the Land of Plenty {vamp,
                  | Str+2}
 65916 | Vaults:5 | Got a silver rune of Zot
 67404 | Depths:3 | Killed a golden dragon
 67690 | Depths:3 | Killed Sojobo
 67754 | Depths:3 | Got Repho's Grimoire of Location and Generation
 67859 | Depths:3 | Killed Jory
 68113 | Depths:3 | Bought a potion of resistance for 220 gold pieces
 68181 | Depths:1 | Bought a +2 pair of boots of rampaging for 387 gold pieces
 68560 | D:9      | Bought a scroll of magic mapping for 142 gold pieces
 68560 | D:9      | Bought a scroll of fear for 76 gold pieces
 69240 | Lair:4   | Killed Tiockas's ghost
 70538 | D:4      | Killed Menkaure
 70697 | D:9      | Bought a runed sling for 148 gold pieces
 71249 | Elf:2    | Reached skill level 15 in Dodging
 71706 | Elf:2    | Identified the +2 leather armour of Fun {Will- Regen+
                  | Dex+3}
 71756 | Elf:2    | Reached skill level 1 in Invocations
 71765 | Elf:2    | Noticed Zenata
 71850 | Elf:2    | Killed Zenata
 71995 | Elf:2    | Reached XP level 22. HP: 213/213 MP: 20/22
 72146 | Elf:2    | Found a runed translucent gate.
 72146 | Elf:2    | Found a runed translucent gate.
 72146 | Elf:2    | Found a runed translucent gate.
 73764 | Elf:3    | Entered Level 3 of the Elven Halls
 73803 | Elf:3    | Paralysed by an air elemental for 1 turns
 74338 | Elf:3    | Noticed Mara
 74386 | Elf:3    | Noticed Konrad's illusion
 74463 | Elf:3    | Noticed Konrad's illusion
 74532 | Elf:3    | Noticed Konrad's illusion
 74607 | Elf:3    | Killed Mara
 75027 | Elf:3    | Identified the +5 falchion of Zacwueto {speed, MP+9 Dex+6}
 75096 | Elf:3    | Paralysed by an air elemental for 1 turns
 75147 | Elf:3    | Identified the amulet "Poaluess" {Faith *Slow rElec Regen+
                  | Dex-4}
 75606 | Elf:3    | Identified the +4 flail of Tiadwath {pain, rN+}
 75925 | Elf:3    | Reached skill level 5 in Invocations
 76146 | Elf:3    | Paralysed by an air elemental for 1 turns
 76372 | Elf:3    | Identified the +6 war axe of Causality {drain, +Blink rF+
                  | SInv}
 76473 | Elf:3    | Got Oxzuag's Cyclopedia of Morbid Hail
 76481 | Elf:3    | Got Nacaunog's Dissertation on the Salamander
 76577 | Elf:3    | Identified the staff of fire "Mazot" {rF+ rN+ Will+}
 76580 | Elf:3    | Identified the staff of cold "Qastrife" {rC+ Int+3}
 76582 | Elf:3    | Identified the staff of air "Equss" {rElec Int+2}
 76583 | Elf:3    | Identified the +1 pair of gloves of Urueshia {rF+}
 76696 | Elf:3    | Identified the staff of poison "Coif" {rElec rPois rN+
                  | Will+}
 76698 | Elf:3    | Identified the +4 hand crossbow of Emaoskel {drain, rPois
                  | rC- rN+ Will+}
 76706 | Elf:3    | Got the Parchment of Fascination
 77217 | Snake:1  | Entered Level 1 of the Snake Pit
 77948 | Snake:1  | Noticed Aizul
 77958 | Snake:1  | Noticed Azrael
 77963 | Snake:1  | Killed Aizul
 77978 | Snake:1  | Killed Azrael
 78221 | Snake:1  | Found a shimmering blue altar of Sif Muna.
 78733 | Snake:2  | Found Comyoc's General Store.
 78747 | Snake:2  | Bought a potion of heal wounds for 60 gold pieces
 78747 | Snake:2  | Bought a potion of curing for 36 gold pieces
 78747 | Snake:2  | Bought a potion of heal wounds for 60 gold pieces
 79218 | Snake:2  | Reached XP level 23. HP: 225/225 MP: 26/26
 79249 | Snake:2  | Found Hietuveb's Jewellery Emporium.
 79249 | Snake:2  | Found Gosiwkug's Book Boutique.
 79250 | Snake:2  | Found Nolauz's Book Boutique.
 80701 | Snake:3  | Reached skill level 5 in Long Blades
 80818 | Snake:4  | Entered Level 4 of the Snake Pit
 81740 | Snake:4  | Noticed Nikola
 81762 | Snake:4  | Killed Nikola
 82144 | Snake:4  | Got a serpentine rune of Zot
 82928 | Crypt:1  | Entered Level 1 of the Crypt
 83326 | Crypt:1  | Acquired the amulet of Aczaib {Regen+ Str+3 Int+2 Slay+2}
 83548 | Crypt:1  | Noticed Bai Suzhen
 83574 | Crypt:1  | Killed Bai Suzhen
 84947 | Crypt:3  | Entered Level 3 of the Crypt
 85087 | Crypt:3  | Found a staircase to the Tomb.
 85531 | Crypt:2  | Reached XP level 24. HP: 136/239 MP: 28/28
 85863 | Crypt:3  | Paralysed by a vampire knight for 3 turns
 86004 | Crypt:3  | Found an ancient bone altar of Kikubaaqudgha.
 86395 | Crypt:3  | Noticed Vv
 86437 | Crypt:3  | Killed Vv
 86460 | Crypt:3  | Found the +8 Vampire's Tooth {megavamp}
 87282 | Tomb:1   | Entered Level 1 of the Tomb of the Ancients
 87324 | Tomb:1   | Noticed Boris
 87343 | Tomb:1   | Killed Boris
 87481 | Tomb:1   | Reached skill level 10 in Invocations
 88325 | Tomb:1   | Noticed a royal mummy
 88343 | Tomb:1   | Killed a royal mummy
 89397 | Tomb:2   | Noticed a royal mummy
 89398 | Tomb:2   | Noticed a royal mummy
 89401 | Tomb:2   | Noticed a royal mummy
 89435 | Tomb:2   | Killed a royal mummy
 89437 | Tomb:2   | Killed a royal mummy
 89442 | Tomb:2   | Killed a royal mummy
 89446 | Tomb:2   | Noticed a royal mummy
 89466 | Tomb:2   | Killed a royal mummy
 90556 | Tomb:1   | Noticed a royal mummy
 90563 | Tomb:1   | Noticed a royal mummy
 90571 | Tomb:1   | Killed a royal mummy
 90578 | Tomb:1   | Noticed a royal mummy
 90592 | Tomb:1   | Noticed a royal mummy
 90599 | Tomb:1   | Noticed a royal mummy
 90620 | Tomb:1   | Noticed a royal mummy
 90730 | Tomb:1   | Noticed a royal mummy
 90745 | Tomb:1   | Killed a royal mummy
 90755 | Tomb:1   | Killed a royal mummy
 90779 | Tomb:1   | Killed a royal mummy
 90780 | Tomb:1   | Reached XP level 25. HP: 116/253 MP: 30/30
 90921 | Tomb:1   | Noticed a royal mummy
 90922 | Tomb:1   | Noticed a royal mummy
 90933 | Tomb:1   | Killed a royal mummy
 90944 | Tomb:1   | Killed a royal mummy
 91007 | Tomb:1   | Noticed a royal mummy
 91018 | Tomb:1   | Noticed a royal mummy
 91022 | Tomb:1   | Killed a royal mummy
 91072 | Tomb:1   | Killed a royal mummy
 91115 | Tomb:1   | Noticed a royal mummy
 91118 | Tomb:1   | Noticed a royal mummy
 91126 | Tomb:1   | Killed a royal mummy
 91147 | Tomb:1   | Killed a royal mummy
 91337 | Tomb:1   | Noticed a royal mummy
 91357 | Tomb:1   | Killed a royal mummy
 91471 | Tomb:1   | Noticed a royal mummy
 91485 | Tomb:1   | Killed a royal mummy
 92164 | Tomb:1   | Noticed a royal mummy
 92174 | Tomb:1   | Killed a royal mummy
 92191 | Tomb:1   | Noticed a royal mummy
 92202 | Tomb:1   | Killed a royal mummy
 92268 | Tomb:1   | Noticed a royal mummy
 92285 | Tomb:1   | Killed a royal mummy
 92361 | Tomb:1   | Noticed a royal mummy
 92394 | Tomb:1   | Killed a royal mummy
 92626 | Tomb:1   | Noticed a royal mummy
 92644 | Tomb:1   | Killed a royal mummy
 93358 | Tomb:3   | Entered Level 3 of the Tomb of the Ancients
 93412 | Tomb:3   | Noticed a royal mummy
 93416 | Tomb:3   | Noticed a royal mummy
 93440 | Tomb:3   | Noticed Boris
 93441 | Tomb:3   | Noticed a royal mummy
 93455 | Tomb:3   | Killed a royal mummy
 93471 | Tomb:3   | Noticed a royal mummy
 93482 | Tomb:3   | Killed Boris
 93514 | Tomb:3   | Killed a royal mummy
 93526 | Tomb:3   | HP: 11/255 [something (15)]
 93547 | Tomb:3   | HP: 11/255 [??? (5)]
 93572 | Tomb:3   | Noticed a royal mummy
 93574 | Tomb:3   | HP: 8/251 [royal mummy/divine providence (12)]
 93574 | Tomb:3   | Killed from afar by a royal mummy

Illustrated notes

Levels and vault maps discovered:
D:1:      kilobyte_arrival_exit_the_forest, layout_rooms
D:2:      layout_basic, shapermc_ecumenical_altar_mp_highgroup, uniq_robin
D:3:      layout_loops_ring, nzn_overflow_gifts_of_might_and_magic
D:4:      layout_layer_cave, ebering_dispersal_statue_hall,
          kennysheep_generic_room_11, uniq_menkaure
D:5:      layout_basic, mainiacjoe_overflow_brackets, minmay_temple_entry_glass
D:6:      layout_loops_corners, uniq_grinder, uniq_blork_the_orc
D:7:      layout_loops_cross, grunt_temple_overflow_champion_of_chaos,
          minmay_fractal_squares_5
D:8:      layout_loops_ring, mainiacjoe_overflow_two_lobes,
          mainiacjoe_overflow_paths, abandoned_shop, uniq_gastronok
D:9:      gammafunk_boulding_lane, layout_stronghold,
          grunt_dithmenos_smoke_and_mirrors, lair_entry_dummy, enter_bailey_6,
          serial_shops, shop
D:10:     layout_cave_pods, gammafunk_ghost_nasty_kobolds
D:11:     minmay_the_grid_triangle_9x9_recursive_3_mashed
          [minmay_the_grid_triangle_9x9_warning,
          minmay_the_grid_triangle_9x9_alien,
          minmay_the_grid_triangle_9x9_impossible_snake,
          minmay_the_grid_triangle_9x9_prize_top_heavy,
          minmay_the_grid_triangle_9x9_pentomino_pain,
          minmay_the_grid_triangle_9x9_windchime,
          minmay_the_grid_triangle_9x9_steps,
          minmay_the_grid_triangle_9x9_limited_checkers,
          minmay_the_grid_triangle_9x9_minimal], layout_rooms,
          gauntlet_entry_generic
D:12:     layout_rooms, minmay_orc_entry_guard_dogs, serial_shops,
          bzr_entry_lakeside, serial_co_window_serial, co_window_paths_a,
          co_window_corner_a, co_window_corner_a, co_window_corner_a,
          co_window_corner_a, co_window_2corner, co_window_corner_b,
          co_window_unsneaky_path_e, co_window_4corner_a, glass_columns_b,
          glass_columns_a, glass_columns_c, led_xom_imps, uniq_snorg
D:13:     layout_loops_ring, ximxim_vaults_locker_room,
          okawaru_ov_weapons_minmay
D:14:     nicolae_hitomezashi [nicolae_hito_row, nicolae_hito_row,
          nicolae_hito_row, nicolae_hito_row, nicolae_hito_row,
          nicolae_hito_row, nicolae_hito_row, nicolae_hito_row,
          nicolae_hito_row, nicolae_hito_row, nicolae_hito_row,
          nicolae_hito_row, nicolae_hito_row, nicolae_hito_row,
          nicolae_hito_row, nicolae_hito_row, nicolae_hito_row,
          nicolae_hito_row], layout_loops_ring, nrook_pool_corridor
D:15:     gammafunk_enter_depths_forms, layout_loops_ring, serial_aquarium,
          aquarium_bridge_square [aquarium_subvault_bridge,
          aquarium_subvault_wall, aquarium_subvault_bridge,
          aquarium_subvault_bridge], aquarium_bridge_island_small
          [aquarium_subvault_small_open, aquarium_subvault_wall,
          aquarium_subvault_bridge, aquarium_subvault_bridge,
          aquarium_subvault_window], aquarium_window_1, aquarium_window_1,
          aquarium_window_1, aquarium_view_2e, aquarium_view_2c,
          aquarium_pool_1, roderic_roman_lattice
Temple:   hellmonk_temple_divided_pantheon
Lair:1:   layout_cave_shapes
Lair:2:   layout_loops_ring, swamp_mist, nicolae_snake_entry_squirm,
          basic_altar, kennysheep_abandoned_house
Lair:3:   layout_gridlike
Lair:4:   layout_long_grid, dpeg_slime_entry_enclosed,
          gammafunk_ghost_wrathful_warriors, infiniplex_staircase_pool_2,
          uniq_urug
Lair:5:   evilmike_catoblepas_cave, layout_cave_pods, nzn_ghost_randoct
Swamp:1:  layout_basic_swamp, nicolae_swamp_feature_on_the_river_bank,
          swamp_pool2
Swamp:2:  layout_basic_swamp, hangedman_swamp_ruin_hall,
          nicolae_swamp_bloodsuckers_inc
Swamp:3:  layout_basic_swamp, portal_ice_cave_entry_pillars_2,
          evilmike_swamp_ruin_house_1
Swamp:4:  swamp_pestilence, layout_basic_swamp
Snake:1:  layout_misc_corridors, basic_altar, serial_bayou_shore_b,
          serial_bayou_shore_a, uniq_azrael, uniq_aizul
Snake:2:  layout_rooms, serial_shops, shop, st_stairs_6, grunt_ministairs_3,
          minmay_shop_grove
Snake:3:  layout_chambers, nicolae_snake_gridmaze_tees, grunt_megastairs_5
Snake:4:  snake_pit_salamanders_mu, layout_cave_town, grunt_ministairs_15,
          st_stairs_1, uniq_nikola
Slime:1:  layout_caves
Orc:1:    layout_caves, nicolae_volcano_entry_batcave, serial_shops, shop,
          bh_open_orc_temple
Orc:2:    st_orc_mages, layout_caves, serial_shops, nicolae_shop_crystal
Elf:1:    minmay_elf_arrival_summoners, layout_geoelf_octagon,
          hangedman_elf_represent
Elf:2:    elven_hall_of_blades_hangedman_original [nicolae_blade_tridents],
          layout_gridlike, portal_desolation_entry_garden,
          kilobyte_rumbling_trees, uniq_zenata
Elf:3:    nooodl_elf_gasket, layout_rooms, uniq_mara
Vaults:1: v_misc_28, v_pattern_5, nicolae_vaults_angled_halls,
          hangedman_vaults_corner_blocks, nicolae_vaults_little_squares_3,
          nicolae_vaults_big_angled_halls, st_more_cells,
          nicolae_vaults_six-pack, nicolae_vaults_closet_pinwheel_1,
          vaults_room_hallway, dpeg_vaults_monster_box, layout_vaults_quadrants
Vaults:2: nicolae_vaults_prndl, vaults_room_door_ring, ontoclasm_vaults_spin,
          nicolae_vaults_network_square, nicolae_vaults_more_shelving_2,
          vaults_room_ringed_pool, v_misc_5, nicolae_vaults_angled_halls,
          ontoclasm_vaults_eye, nicolae_vaults_specimen_jars,
          layout_vaults_omnibox
Vaults:3: hangedman_vaults_corner, vaults_dpeg_doors,
          minmay_crypt_entry_necro_gods, ontoclasm_vaults_fault,
          nicolae_vaults_variable_pillar_hall_cross,
          nicolae_vaults_tetromino_T_1, nicolae_vaults_angled_halls,
          nicolae_vaults_trapezoid_3, layout_vaults_omnicross, serial_shops,
          bzr_entry_gold, uniq_mennas
Vaults:4: vaults_room_boxed, v_alt_pattern_1, nicolae_vaults_shrinking_rooms_2,
          nicolae_vaults_frosty_reception, nicolae_vaults_ninety_degrees,
          v_misc_29, nicolae_vaults_hexular_roomagon,
          nicolae_vaults_sesquioval_fish, nicolae_vaults_diagonal_hallway_7,
          layout_vaults_big_room, uniq_margery
Vaults:5: serial_shops, uniq_boris
Crypt:1:  layout_gridlike, lemuel_upstairs_altar, grunt_crypt_arrival_webbed,
          uniq_bai_suzhen
Crypt:2:  layout_catacombs
Crypt:3:  church_of_pain_bobbens, layout_chaotic_city,
          nicolae_tomb_entry_grand_gallery, uniq_vv
Tomb:1
Tomb:2
Tomb:3
Depths:1: layout_cave_shapes, serial_column_ruins, column_ruins_hut_ruined,
          column_ruins_hut, column_ruins_corridor_corner,
          column_ruins_columns_corner, column_ruins_open_tiny,
          column_ruins_corridor_corner, column_ruins_grid_1,
          column_ruins_open_medium, corexii_corridor_pit, abyss_entry,
          serial_shops, shop, pf_hell_entry_tar_river, minivault_10,
          st_stairs_1, nicolae_elyvilon_peaceful_grove, uniq_asterion
Depths:2: giant_chief_lemuel, layout_long_grid, hell_entry,
          grunt_pan_entry_in_and_out, grunt_gozag_statues,
          kennysheep_cross_bottleneck
Depths:3: minmay_mutant_horseshoe, layout_cave_pools, grunt_hell_entry_dis_mu,
          abyss_entry_small_statue_room, serial_shops,
          nicolae_shop_just_a_little_nook, infiniplex_staircase_river,
          uniq_saint_roka, uniq_jory, uniq_sojobo
Depths:4: evilmike_zot_entry_castle, layout_long_grid, enter_ziggurat_f,
          minmay_room_of_horrors, hell_entry, uniq_parghit

Skill      XL: |  1  2  3  4  5  6  7  8  9 10 11 12 13 14 15 16 17 18 19 20 21 22 23 24 25 |
---------------+----------------------------------------------------------------------------+-----
Ranged Weapons | 5 6 7 8 9 11 12 14 15 16 17 | 17.0
Armour         | 1 2 3 4 6 7 9 10 11 12 13 15 16 17 18 19 | 19.3
Axes           | 1 2 4 5 6 7 8 |  8.2
Fighting       | 3 4 5 6 8 10 12 13 14 16 19 21 22 24 26 | 26.6
Stealth        | 1 |  1.3
Dodging        | 3 4 5 6 8 9 10 11 12 13 14 15 16 17 | 17.1
Polearms       | 2 |  2.8
Maces & Flails | 11 12 16 18 19 21 22 | 22.2
Shields        | 11 17 21 23 25 27 | 27.0
Evocations     | 1 2 |  2.0
Long Blades    | 3 4 6 8 9 |  9.6
Invocations    | 1 6 8 10 11 | 11.6

Action                     |  1- 3 |  4- 6 |  7- 9 | 10-12 | 13-15 | 16-18 | 19-21 | 22-24 | 25-27 || total
---------------------------+-------+-------+-------+-------+-------+-------+-------+-------+-------++-------
  Melee: Morningstar       |       |       |       |       |   739 |  1524 |  1851 |  1968 |   358 ||  6440
         Headbutt          |       |       |       |       |   195 |   496 |   747 |   745 |   168 ||  2351
         Maul              |       |       |       |       |       |       |    23 |       |       ||    23
         Punch             |       |       |       |       |       |       |     1 |     8 |       ||     9
         Great mace        |       |       |       |       |       |       |       |       |     4 ||     4
   Fire: Shortbow          |   110 |   135 |   254 |   699 |    11 |       |       |       |       ||  1209
         Sling             |       |       |       |       |   579 |   384 |    43 |   151 |       ||  1157
         Hand crossbow     |       |       |       |       |       |       |       |   551 |       ||   551
 Invoke: Call Merchant     |       |       |       |     1 |     1 |     2 |     1 |     2 |       ||     7
         Potion Petition   |       |       |       |     1 |       |     3 |     3 |     5 |     1 ||    13
         Bribe Branch      |       |       |       |       |       |       |     1 |     1 |       ||     2
  Evoke: Wand              |       |       |     2 |     2 |    11 |    10 |     4 |    13 |     9 ||    51
         Box of beasts     |       |       |       |       |     1 |     1 |     2 |     3 |     1 ||     8
         Condenser vane    |       |       |       |       |       |       |     2 |     1 |     1 ||     4
         Phantom mirror    |       |       |       |       |       |       |       |       |     2 ||     2
    Use: Scroll            |     1 |     5 |     2 |    27 |    12 |    12 |     5 |    12 |     5 ||    81
         Potion            |       |       |       |    14 |     6 |    19 |    22 |     7 |    28 ||    96
   Stab: Distracted        |       |       |       |       |     4 |     9 |    14 |    14 |       ||    41
         Confused          |       |       |       |       |       |       |     1 |       |       ||     1
         Invisible         |       |       |       |       |       |       |       |       |    18 ||    18
 Armour: Leather armour    |     7 |       |       |       |       |       |       |       |       ||     7
         Scale mail        |    32 |    14 |    61 |     1 |       |       |       |       |       ||   108
         Plate armour      |       |       |       |   296 |   616 |   456 |   546 |   496 |   130 ||  2540
         Chain mail        |       |       |       |    34 |       |       |       |       |       ||    34
         Skin              |       |       |       |       |       |     1 |       |       |       ||     1
         Crystal plate arm |       |       |       |       |       |    58 |       |       |       ||    58
  Dodge: Dodged            |    40 |    31 |   109 |   313 |   377 |   337 |   369 |   372 |   207 ||  2155
         Repelled          |       |       |       |     4 |       |       |       |       |       ||     4
  Block: Other             |       |       |       |     1 |       |       |       |       |       ||     1
         Tower shield      |       |       |       |       |  1251 |  1696 |  1698 |  2090 |   613 ||  7348
